PCL
HOUSTON HAMMERTIME @ ALBUQUERQUE ISOTOPES
07/26/2026
 
TOP OF THE 1ST
Houston Hammertime batting - Pitching for Albuquerque Isotopes : RHP César De La Cruz
Pitching: RHP César De La Cruz
Batting: LHB Fernando Camacho 0-0: Swinging Strike
0-1: Swinging Strike
SINGLE, but batter called out on appeal for missing first base!
Batting: RHB Rafael Torres 0-0: Ball
1-0: Ground out 5-3 (Groundball, 56)
Batting: SHB Cristo Ontiveros 0-0: Ball
1-0: Swinging Strike
1-1: Ball
2-1: Ball
3-1: Base on Balls
Batting: RHB Mario Beltrán 0-0: Called Strike
0-1: Ball
1-1: Swinging Strike
1-2: Strikes out swinging
Top of the 1st over - 0 run(s), 0 hit(s), 0 error(s), 1 left on base; Houston 0 - Albuquerque 0
BOTTOM OF THE 1ST
Albuquerque Isotopes batting - Pitching for Houston Hammertime : RHP Norberto Méndez
Pitching: RHP Norberto Méndez
Batting: RHB Dave Mullen 0-0: Ball
1-0: Swinging Strike
1-1: Called Strike
1-2: Foul Ball, location: 2F
1-2: Strikes out swinging
Batting: RHB Juan Alberto 0-0: Called Strike
0-1: Swinging Strike
0-2: Strikes out looking
Batting: SHB Lee Townsend 0-0: Ball
1-0: Fly out, F7 (Line Drive, 7M)
Bottom of the 1st over - 0 run(s), 0 hit(s), 0 error(s), 0 left on base; Houston 0 - Albuquerque 0
TOP OF THE 2ND
Houston Hammertime batting - Pitching for Albuquerque Isotopes : RHP César De La Cruz
Batting: LHB Juan Cabañas 0-0: Ball
1-0: Called Strike
1-1: DOUBLE (Line Drive, 9LM)
Batting: RHB Richard Coker 0-0: SINGLE (Popup, 89S)
Juan Cabañas to third
Batting: RHB Arturo Rodríguez 0-0: Ball
1-0: Fly out, F1 (Popup, 15)
Batting: LHB José Villegas 0-0: Fly out, F8 (Flyball, 8LXD)
Runner from 3rd tags up, SCORES, no throw
Batting: RHB Santo Cruz 0-0: Ground out 5-3 (Groundball, 56)
Top of the 2nd over - 1 run(s), 2 hit(s), 0 error(s), 1 left on base; Houston 1 - Albuquerque 0
BOTTOM OF THE 2ND
Albuquerque Isotopes batting - Pitching for Houston Hammertime : RHP Norberto Méndez
Batting: LHB Juan Carlos Sánchez 0-0: Called Strike
0-1: Ball
1-1: Foul Ball, location: 2F
1-2: Reached on Error, E7 (Flyball, 7LM)
Batting: RHB Alden Isenhood 0-0: Ball
1-0: Grounds into double play, 6-4-3 (Groundball, 6M)
Batting: LHB Bernardo Montés 0-0: Called Strike
0-1: Foul Ball, location: 2F
0-2: Foul Ball, location: 2F
0-2: SINGLE (Line Drive, 8RS)
Batting: LHB Fernando Ortíz 0-0: Ball
1-0: Ball
2-0: Ball
3-0: Called Strike
3-1: Foul Ball, location: 2F
3-2: Fly out, F9 (Flyball, 89M)
Bottom of the 2nd over - 0 run(s), 1 hit(s), 1 error(s), 1 left on base; Houston 1 - Albuquerque 0
TOP OF THE 3RD
Houston Hammertime batting - Pitching for Albuquerque Isotopes : RHP César De La Cruz
Batting: LHB Fernando Camacho 0-0: Ball
1-0: Foul Ball, location: 2F
1-1: Ground out 4-3 (Groundball, 4M)
Batting: RHB Rafael Torres 0-0: Ground out 6-3 (Groundball, 6M)
Batting: SHB Cristo Ontiveros 0-0: Called Strike
0-1: Foul Ball, location: 2F
0-2: Foul Ball, location: 2F
0-2: Ball
1-2: Foul Ball, location: 2F
1-2: Ball
2-2: Ball
3-2: SINGLE (Line Drive, 8LS)
Batting: RHB Mario Beltrán 0-0: Ball
1-0: Ball
2-0: Ball
3-0: Called Strike
3-1: Base on Balls
Cristo Ontiveros to second
Batting: LHB Juan Cabañas 0-0: Called Strike
0-1: Ball
1-1: Fly out, F5 (Popup, 5)
Top of the 3rd over - 0 run(s), 1 hit(s), 0 error(s), 2 left on base; Houston 1 - Albuquerque 0
BOTTOM OF THE 3RD
Albuquerque Isotopes batting - Pitching for Houston Hammertime : RHP Norberto Méndez
Batting: LHB Héctor Cruz 0-0: Ball
1-0: Called Strike
1-1: Ball
2-1: Ground out 4-3 (Groundball, 4)
Batting: RHB Arturo García 0-0: Ball
1-0: Foul Ball, location: 2F
1-1: Fly out, F2 (Popup, 2LF)
Batting: RHB Dave Mullen 0-0: Ground out 6-3 (Groundball, 56)
Bottom of the 3rd over - 0 run(s), 0 hit(s), 0 error(s), 0 left on base; Houston 1 - Albuquerque 0
TOP OF THE 4TH
Houston Hammertime batting - Pitching for Albuquerque Isotopes : RHP César De La Cruz
Batting: RHB Richard Coker 0-0: Ball
1-0: Ball
2-0: Ground out 5-3 (Groundball, 5)
Batting: RHB Arturo Rodríguez 0-0: Ball
1-0: DOUBLE (Groundball, 5L)
Batting: LHB José Villegas 0-0: Swinging Strike
0-1: Ball
1-1: Ground out 4-3 (Groundball, 4)
Arturo Rodríguez to third
Batting: RHB Santo Cruz 0-0: Foul Ball, location: 2F
0-1: Ball
1-1: Ball
2-1: Foul Ball, location: 2F
2-2: Strikes out looking
Top of the 4th over - 0 run(s), 1 hit(s), 0 error(s), 1 left on base; Houston 1 - Albuquerque 0
BOTTOM OF THE 4TH
Albuquerque Isotopes batting - Pitching for Houston Hammertime : RHP Norberto Méndez
Batting: RHB Juan Alberto 0-0: Foul Ball, location: 2F
0-1: Foul Ball, location: 2F
0-2: Ball
1-2: Ball
2-2: Strikes out swinging
Batting: SHB Lee Townsend 0-0: SINGLE (Groundball, 34D)
Batting: LHB Juan Carlos Sánchez 0-0: Ball
1-0: Ball
Lee Townsend is caught stealing 2nd base
2-0: Ball
3-0: Base on Balls
Batting: RHB Alden Isenhood 0-0: Ball
1-0: Ground out 5-3 (Groundball, 56)
Bottom of the 4th over - 0 run(s), 1 hit(s), 0 error(s), 1 left on base; Houston 1 - Albuquerque 0
TOP OF THE 5TH
Houston Hammertime batting - Pitching for Albuquerque Isotopes : RHP César De La Cruz
Batting: LHB Fernando Camacho 0-0: Ball
1-0: Called Strike
1-1: SINGLE (Groundball, 34D)
Batting: RHB Rafael Torres 0-0: Ball
1-0: Ball
2-0: Ball
3-0: Called Strike
3-1: Base on Balls
Fernando Camacho to second
Batting: SHB Cristo Ontiveros 0-0: Ball
1-0: Ball
2-0: Ball
3-0: Base on Balls
Fernando Camacho to third
Rafael Torres to second
Batting: RHB Mario Beltrán 0-0: Ball
1-0: SINGLE (Groundball, 4D)
Fernando Camacho scores
Rafael Torres to third
Cristo Ontiveros to second
Batting: LHB Juan Cabañas 0-0: Grounds into fielders choice 6-2 (Groundball, 6M)
Cristo Ontiveros to third
Mario Beltrán to second
Batting: RHB Richard Coker 0-0: Called Strike
0-1: Ball
1-1: Ball
2-1: Ball
3-1: Base on Balls
Cristo Ontiveros scores
Mario Beltrán to third
Juan Cabañas to second
Batting: RHB Arturo Rodríguez 0-0: SINGLE (Line Drive, 8RS)
Mario Beltrán scores
Juan Cabañas to third
Richard Coker to second
Batting: LHB José Villegas 0-0: Ball
1-0: Ball
2-0: SINGLE (Groundball, 4MD)
Juan Cabañas scores
Richard Coker to third
Arturo Rodríguez to second
Batting: RHB Santo Cruz 0-0: Ball
1-0: Called Strike
1-1: Swinging Strike
1-2: Ball
2-2: Strikes out looking
Batting: LHB Fernando Camacho 0-0: Ball
1-0: Called Strike
1-1: SINGLE (Line Drive, 89S)
Richard Coker scores
Arturo Rodríguez to third
José Villegas to second
Runner from 3rd tries for Home, SAFE, throw made home
Batting: RHB Rafael Torres 0-0: Ball
1-0: Called Strike
1-1: SINGLE (Line Drive, 7LS)
José Villegas to third
Fernando Camacho to second
Runner from 3rd tries for Home, SAFE, throw made at trailing runner, OUT at third!
Top of the 5th over - 7 run(s), 6 hit(s), 0 error(s), 1 left on base; Houston 8 - Albuquerque 0
BOTTOM OF THE 5TH
Albuquerque Isotopes batting - Pitching for Houston Hammertime : RHP Norberto Méndez
Batting: LHB Bernardo Montés 0-0: Ball
1-0: Ball
2-0: SOLO HOME RUN (Line Drive, 89XD), Distance : 394 ft
Batting: LHB Fernando Ortíz 0-0: Swinging Strike
0-1: Ground out 4-3 (Groundball, 4)
Batting: LHB Héctor Cruz 0-0: Ball
1-0: Ball
2-0: Called Strike
2-1: Called Strike
2-2: Fly out, F7 (Popup, 5D)
Batting: RHB Arturo García 0-0: Foul Ball, location: 2F
0-1: Ground out 4-3 (Groundball, 4)
Bottom of the 5th over - 1 run(s), 1 hit(s), 0 error(s), 0 left on base; Houston 8 - Albuquerque 1
TOP OF THE 6TH
Houston Hammertime batting - Pitching for Albuquerque Isotopes : RHP César De La Cruz
Pitching: RHP Juan Marín
Batting: SHB Cristo Ontiveros 0-0: Foul Ball, location: 2F
0-1: Ball
1-1: Foul Ball, location: 2F
1-2: Foul Ball, location: 2F
1-2: Ball
2-2: SINGLE (Groundball, 34)
Batting: RHB Mario Beltrán 0-0: Called Strike
0-1: Swinging Strike
0-2: Ball
1-2: Foul Ball, location: 2F
1-2: Strikes out swinging
Batting: LHB Juan Cabañas 0-0: Foul Ball, location: 2F
0-1: Ball
1-1: Ball
Cristo Ontiveros is caught stealing 2nd base
2-1: Ground out 4-3 (Groundball, 34D)
Top of the 6th over - 0 run(s), 1 hit(s), 0 error(s), 0 left on base; Houston 8 - Albuquerque 1
BOTTOM OF THE 6TH
Albuquerque Isotopes batting - Pitching for Houston Hammertime : RHP Norberto Méndez
Batting: RHB Dave Mullen 0-0: Ball
1-0: Ground out 6-3 (Groundball, 6M)
Batting: RHB Juan Alberto 0-0: Foul Ball, location: 2F
0-1: Ball
1-1: Called Strike
1-2: Foul Ball, location: 2F
1-2: Ball
2-2: SINGLE (Groundball, 6MD)
Batting: SHB Lee Townsend 0-0: Ball
Pickoff Throw to First - Out!
1-0: Called Strike
1-1: SINGLE (Groundball, 4MD) (infield hit)
Batting: LHB Juan Carlos Sánchez 0-0: Called Strike
0-1: Ball
1-1: Ball
2-1: Swinging Strike
2-2: Ground out 4-3 (Groundball, 4)
Bottom of the 6th over - 0 run(s), 2 hit(s), 0 error(s), 1 left on base; Houston 8 - Albuquerque 1
TOP OF THE 7TH
Houston Hammertime batting - Pitching for Albuquerque Isotopes : RHP Juan Marín
Batting: RHB Richard Coker 0-0: Swinging Strike
0-1: Ball
1-1: Ball
2-1: Ball
3-1: Base on Balls
Batting: RHB Arturo Rodríguez 0-0: Bunted foul
0-1: Sac Bunt - play at first, batter OUT! 1-4
Richard Coker to second
Batting: LHB José Villegas 0-0: Ball
1-0: Swinging Strike
1-1: Swinging Strike
1-2: Foul Ball, location: 2F
1-2: Strikes out swinging
Batting: RHB Santo Cruz 0-0: Ball
1-0: Foul Ball, location: 2F
1-1: Foul Ball, location: 2F
1-2: Ball
2-2: Fly out, F7 (Flyball, 7D)
Top of the 7th over - 0 run(s), 0 hit(s), 0 error(s), 1 left on base; Houston 8 - Albuquerque 1
BOTTOM OF THE 7TH
Albuquerque Isotopes batting - Pitching for Houston Hammertime : RHP Norberto Méndez
Batting: RHB Alden Isenhood 0-0: Ball
1-0: Called Strike
1-1: DOUBLE (Line Drive, 7LS)
Batting: LHB Bernardo Montés 0-0: Ball
1-0: Ball
2-0: Ball
3-0: Base on Balls
Batting: LHB Fernando Ortíz 0-0: Ball
1-0: Called Strike
1-1: Ball
2-1: Foul Ball, location: 2F
2-2: Ball
3-2: Base on Balls
Alden Isenhood to third
Bernardo Montés to second
Batting: LHB Héctor Cruz 0-0: Called Strike
0-1: Foul Ball, location: 2F
0-2: Ball
1-2: Ball
2-2: Reached on error, E4 (Groundball, 34)
Alden Isenhood scores
Bernardo Montés to third
Fernando Ortíz to second
Batting: RHB Arturo García 0-0: Called Strike
0-1: Fielders Choice at 3rd, U5 (Groundball, 5L)
Bernardo Montés scores
Héctor Cruz to second
Batting: RHB Dave Mullen 0-0: Called Strike
0-1: DOUBLE (Line Drive, 89D)
Héctor Cruz scores
Arturo García to third
Batting: RHB Juan Alberto 0-0: Called Strike
0-1: Foul Ball, location: 2F
0-2: Ball
1-2: Strikes out swinging
Pitching: RHP León Gómez
Batting: SHB Lee Townsend 0-0: Called Strike
0-1: Ball
1-1: Ball
2-1: Ball
3-1: Base on Balls
Pitching: LHP Martín Reyes
Batting: LHB Juan Carlos Sánchez 0-0: Ball
1-0: Ball
2-0: Called Strike
2-1: Ball
3-1: Foul Ball, location: 2F
3-2: Strikes out swinging
Bottom of the 7th over - 3 run(s), 2 hit(s), 1 error(s), 3 left on base; Houston 8 - Albuquerque 4
TOP OF THE 8TH
Houston Hammertime batting - Pitching for Albuquerque Isotopes : RHP Juan Marín
Pitching: RHP Rafael Trujillo
Batting: LHB Fernando Camacho 0-0: Ball
1-0: Ball
2-0: Ball
3-0: Called Strike
3-1: Called Strike
3-2: Base on Balls
Batting: RHB Rafael Torres 0-0: Sac Bunt - play at second, runner OUT! 1-6
Batting: SHB Cristo Ontiveros 0-0: Foul Ball, location: 2F
0-1: Ball
1-1: Swinging Strike
1-2: Strikes out swinging
Batting: RHB Mario Beltrán 0-0: Ball
1-0: Swinging Strike
1-1: Fly out, F7 (Line Drive, 7LM)
Top of the 8th over - 0 run(s), 0 hit(s), 0 error(s), 1 left on base; Houston 8 - Albuquerque 4
BOTTOM OF THE 8TH
Albuquerque Isotopes batting - Pitching for Houston Hammertime : LHP Martín Reyes
Batting: RHB Alden Isenhood 0-0: Foul Ball, location: 2F
0-1: Swinging Strike
0-2: Strikes out looking
Batting: LHB Bernardo Montés 0-0: Ball
1-0: Ball
2-0: Ball
3-0: Called Strike
3-1: Fly out, F6 (Popup, 6)
Batting: LHB Fernando Ortíz 0-0: Ball
1-0: Called Strike
1-1: DOUBLE (Line Drive, 34D)
Pitching: RHP Robert Powers
Batting: LHB Héctor Cruz 0-0: Ball
1-0: Swinging Strike
1-1: Foul Ball, location: 2F
1-2: Ball
2-2: Ball
3-2: Base on Balls
Batting: RHB Arturo García 0-0: Foul Ball, location: 2F
0-1: Ball
1-1: Ball
2-1: SINGLE (Groundball, 6M)
Fernando Ortíz to third
Héctor Cruz to second
Runner from 3rd tries for Home, SAFE, no throw or cutoff
Batting: RHB Dave Mullen 0-0: Ground out 1-3 (Groundball, 13S)
Bottom of the 8th over - 1 run(s), 2 hit(s), 0 error(s), 2 left on base; Houston 8 - Albuquerque 5
TOP OF THE 9TH
Houston Hammertime batting - Pitching for Albuquerque Isotopes : RHP Rafael Trujillo
Batting: LHB Juan Cabañas 0-0: Ball
1-0: Ball
2-0: SINGLE (Groundball, 4M)
Batting: RHB Richard Coker 0-0: Ball
1-0: Ball
2-0: Ball
3-0: Called Strike
3-1: Called Strike
3-2: Base on Balls
Juan Cabañas to second
Batting: RHB Arturo Rodríguez 0-0: Ball
1-0: Fly out, F8 (Flyball, 8LM)
Batting: LHB José Villegas 0-0: Ball
1-0: Ball
2-0: SINGLE (Groundball, 34)
Juan Cabañas to third
Richard Coker to second
Runner from 3rd tries for Home, SAFE, no throw or cutoff
Batting: RHB Santo Cruz 0-0: Foul Ball, location: 2F
0-1: Ball
1-1: 3-RUN HOME RUN (Flyball, 7LD), Distance : 375 ft
Batting: LHB Fernando Camacho 0-0: Ball
1-0: Ball
2-0: Called Strike
2-1: SINGLE (Line Drive, 34)
Batting: RHB Rafael Torres 0-0: Called Strike
0-1: DOUBLE (Line Drive, 5D)
Fernando Camacho to third
Batting: SHB Cristo Ontiveros 0-0: Foul Ball, location: 2F
0-1: Ball
1-1: Foul Ball, location: 2F
1-2: Ball
2-2: Ball
3-2: Base on Balls
Pitching: RHP Kenny Skinner
Batting: RHB Mario Beltrán 0-0: Called Strike
0-1: Swinging Strike
0-2: Grounds into double play, 4-6-3 (Groundball, 4)
Top of the 9th over - 4 run(s), 5 hit(s), 0 error(s), 2 left on base; Houston 12 - Albuquerque 5
BOTTOM OF THE 9TH
Albuquerque Isotopes batting - Pitching for Houston Hammertime : RHP Robert Powers
Now in LF: Dan Mason
Now in CF: Pedro Meza
Batting: RHB Juan Alberto 0-0: Swinging Strike
0-1: SOLO HOME RUN (Flyball, 8LXD), Distance : 411 ft
Batting: SHB Lee Townsend 0-0: Swinging Strike
0-1: Called Strike
0-2: Ball
1-2: Foul Ball, location: 2F
1-2: SOLO HOME RUN (Flyball, 9LD), Distance : 365 ft
Batting: LHB Juan Carlos Sánchez 0-0: Foul Ball, location: 2F
0-1: Ball
1-1: Fly out, F8 (Flyball, 8LXD)
Batting: RHB Alden Isenhood 0-0: Ball
1-0: Ball
2-0: SINGLE (Flyball, 8RS)
Batting: LHB Bernardo Montés 0-0: Ball
1-0: Ball
2-0: Ball
3-0: Called Strike
3-1: SINGLE (Line Drive, 9LS)
Alden Isenhood to second
Runner from 2nd tries for 3rd, SAFE, throw made to third
Batting: LHB Fernando Ortíz 0-0: Called Strike
0-1: DOUBLE (Groundball, 3D)
Alden Isenhood scores
Bernardo Montés to third
Runner from 3rd tries for Home, SAFE, throw made home
Pitching: RHP Brandon Williams
Batting: LHB Héctor Cruz 0-0: SINGLE (Groundball, 34D)
Fernando Ortíz to third
Runner from 3rd tries for Home, SAFE, no throw or cutoff
Pinch Hitting: LHB Mark Vestal 0-0: Ball
1-0: Called Strike
1-1: Swinging Strike
1-2: Ball
2-2: Foul Ball, location: 2F
2-2: Strikes out swinging
Batting: RHB Dave Mullen 0-0: SINGLE (Groundball, 6M)
Héctor Cruz to second
Batting: RHB Juan Alberto 0-0: Ball
1-0: Fielders Choice at 2nd, 6-4 (Groundball, 6)
Bottom of the 9th over - 5 run(s), 7 hit(s), 0 error(s), 1 left on base; Houston 12 - Albuquerque 10
Monday, December 5th, 2016 - OOTP Baseball 17.12 Build 75